AoeStats
← blackjack6894

Arena

507884562Analyzed
4v4 RM · 11d ago on Sep 20, 2026· 33m 29s· 8 players
Game mode
Random Map
Map size
Large (8 player)
Population
200
Speed
Normal
Resources
Standard
Victory
Conquest
Starting age
Dark Age
Ending age
Imperial Age
RankedLock teamsTeams togetherTeam positionsShared explorationLock speedFull tech treeHidden civsTurbo modeCheats
Victory
Defeat
🇲🇽 Bohemians · Mexico
989
+4
🇲🇽 Goths · Mexico
958
+19
🇨🇱 Muisca · Chile
917
+6
🇦🇷 Gurjaras · Argentina
568
+17
🇨🇱 Wu · Chile
725
-11
🇧🇷 Hindustanis · Brazil
665
-9
🇻🇳 Huns · Vietnam
617
-6
🇺🇸 Huns · United States
581
-6
blackjack6894
3:46 Loom
12:27 Feudal Age
14:20 Wheelbarrow
13:31 Town Watch
13:35 Double-Bit Axe
13:33 Horse Collar
20:05 Castle Age
19:19 Stone Mining
19:23 Gold Mining
19:49 Bloodlines
20:55 Husbandry
21:01 Heavy Plow
20:54 Light Cavalry
23:02 Scale Barding Armor
24:03 Forging
24:37 Chain Barding Armor
Æthelred
10:50 Feudal Age
11:16 Double-Bit Axe
11:12 Horse Collar
14:30 Stone Mining
20:52 Castle Age
21:51 Man-at-Arms
23:28 Fortified Wall
24:33 Heavy Plow
24:45 Bow Saw
24:27 Gold Mining
25:12 Stone Shaft Mining
26:46 Gold Shaft Mining
Carrizuwu
phucvaki
1:42 Loom
13:10 Feudal Age
17:09 Castle Age
15:22 Horse Collar
15:44 Double-Bit Axe
17:05 Scale Barding Armor
17:18 Gold Mining
17:20 Stone Mining
21:30 Heavy Plow
Mogador
11:07 Feudal Age
11:51 Horse Collar
19:09 Castle Age
20:12 Loom
22:01 Wheelbarrow
23:19 Ballistics
22:34 Pikeman
23:36 Wagenburg Tactics
24:27 Double-Bit Axe
25:13 Squires
25:27 Scale Mail Armor
25:38 Forging
30:51 Bow Saw
32:43 Heavy Plow
lerbismancillag
0:29 Loom
10:36 Feudal Age
17:29 Castle Age
15:48 Double-Bit Axe
15:46 Horse Collar
16:09 Fletching
16:26 Stone Mining
17:13 Scale Mail Armor
19:03 Heavy Plow
21:53 Wheelbarrow
21:24 Squires
23:25 Gold Mining
23:59 Town Watch
25:07 Bow Saw
27:02 Hand Cart
28:30 Forging
34:36 Imperial Age
33:09 Gold Shaft Mining
32:33 Bodkin Arrow
StrikerNavi
10:28 Feudal Age
11:29 Man-at-Arms
13:50 Double-Bit Axe
14:46 Gold Mining
15:20 Scale Mail Armor
23:41 Castle Age
23:47 Long Swordsman
24:20 Horse Collar
27:07 Squires
30:49 Heavy Plow
ale90
9:46 Feudal Age
14:10 Horse Collar
17:36 Town Watch
20:09 Castle Age
19:19 Scale Barding Armor
19:25 Forging
19:32 Bloodlines
21:57 Loom
23:04 Heavy Plow
23:44 Double-Bit Axe
24:22 Husbandry
24:46 Chain Barding Armor
25:40 Gold Mining
27:25 Wheelbarrow
26:52 Town Patrol
28:26 Hand Cart
28:19 Arson
27:58 Man-at-Arms
29:18 Iron Casting
Connection lost

Rejoining the realm…

Still unreachable

The connection could not be restored.

Session expired

The server has moved on; the page needs a fresh start.